General information
			
			
        
        - name: BNet
 
        - type: Ladder 1vs1/FFA
 
        - host: Battle.net
 
        - saver: TALONSAREIMBA
 
        
map: LostTemple 
        - players: 2
 
        - length: 18:50
 
        - speed: Fast
 - version: 1.22 W3XP
 - replay type:  Public
 
» download(84 KB)
Players
        team 1 (winner) 
              
              
TALONSAREIMBA (
pink | 139 APM | 2626 actions | 18:50)
              
 6 Demon Hunter 
 3 Mana Burn
 3 Evasion
 4 Keeper of the Grove 
 2 Entangling Roots
 2 Thorns Aura
 
                » actions 
                
                | Assign group hotkey | 29 |  | 
| Basic commands | 202 |  | 
| Build / train | 62 |  | 
| ESC pressed | 2 |  | 
| Enter build submenu | 14 |  | 
| Enter hero's abilities submenu | 10 |  | 
| Right click | 1073 |  | 
| Select / deselect | 763 |  | 
| Select group hotkey | 376 |  | 
| Use ability | 95 |  | 
                2626 total
 » units 
                
                | Wisp | 13 |  | 
| Archer | 6 |  | 
| Dryad | 7 |  | 
| Druid of the Claw | 10 |  | 
                36 total
 » upgrades
                
                | Abolish Magic | 1 |  | 
| Druid of the Claw Training | 2 |  | 
| Mark of the Claw | 1 |  | 
| Strength of the Wild | 2 |  | 
                6 total
 » buildings
                
                | Altar of Elders | 1 |  | 
| Moon Well | 5 |  | 
| Ancient of War | 1 |  | 
| Tree of Ages | 1 |  | 
| Hunter's Hall | 1 |  | 
| Ancient of Lore | 2 |  | 
| Ancient of Wonders | 1 |  | 
| Tree of Eternity | 1 |  | 
                13 total
 » build order
                00:03 Altar of Elders
00:05 Moon Well
00:53 Ancient of War
01:35 Moon Well
03:01 Tree of Ages
03:13 Hunter's Hall
03:30 Moon Well
05:34 Ancient of Lore
05:36 Ancient of Lore
05:50 Ancient of Wonders
06:02 Moon Well
07:03 Tree of Eternity
13:50 Moon Well
» items
                
                | Lesser Clarity Potion | 1 |  | 
| Scroll of Town Portal | 2 |  | 
| Orb of Venom | 3 |  | 
                6 total
  
               team 2 (loser) 
              
              
iAmAfrAid (
red | 135 APM | 2540 actions | 18:48)
              
 3 Archmage 
 2 Summon Water Elemental
 1 Brilliance Aura
 1 Mountain King 
 1 Storm Bolt
 
                » actions 
                
                | Assign group hotkey | 62 |  | 
| Basic commands | 356 |  | 
| Build / train | 92 |  | 
| ESC pressed | 1 |  | 
| Enter build submenu | 41 |  | 
| Enter hero's abilities submenu | 4 |  | 
| Remove unit from queue | 1 |  | 
| Right click | 573 |  | 
| Select / deselect | 599 |  | 
| Select group hotkey | 695 |  | 
| Use ability | 116 |  | 
                2540 total
 » units 
                
                | Peasant | 31 |  | 
| Footman | 16 |  | 
| Dragonhawk Rider | 3 |  | 
                50 total
 » upgrades
                
                | Defend | 1 |  | 
| Lumber Harvesting | 1 |  | 
| Masonry | 1 |  | 
                3 total
 » buildings
                
                | Altar of Kings | 1 |  | 
| Barracks | 1 |  | 
| Farm | 8 |  | 
| Arcane Vault | 3 |  | 
| Scout Tower | 17 |  | 
| Lumber Mill | 1 |  | 
| Arcane Tower | 2 |  | 
| Town Hall | 1 |  | 
| Guard Tower | 12 |  | 
| Keep | 1 |  | 
| Gryphon Aviary | 2 |  | 
                49 total
 » build order
                00:06 Altar of Kings
00:18 Barracks
00:34 Farm
01:05 Farm
01:38 Farm
03:33 Arcane Vault
04:39 Scout Tower
04:47 Lumber Mill
04:56 Arcane Tower
05:15 Scout Tower
05:35 Town Hall
05:35 Arcane Tower
06:00 Farm
06:14 Farm
06:37 Farm
08:08 Scout Tower
08:09 Scout Tower
08:17 Scout Tower
08:19 Scout Tower
08:34 Scout Tower
08:39 Guard Tower
08:40 Guard Tower
08:49 Guard Tower
08:49 Guard Tower
08:50 Guard Tower
08:57 Scout Tower
10:29 Keep
10:30 Guard Tower
10:37 Arcane Vault
10:45 Scout Tower
10:45 Scout Tower
10:47 Scout Tower
11:14 Guard Tower
12:08 Guard Tower
12:09 Guard Tower
13:14 Scout Tower
13:14 Scout Tower
13:14 Scout Tower
13:19 Scout Tower
13:19 Scout Tower
13:36 Farm
13:37 Farm
13:42 Scout Tower
13:48 Guard Tower
13:51 Arcane Vault
14:53 Guard Tower
15:37 Gryphon Aviary
15:55 Gryphon Aviary
» items
                
                | Scroll of Regeneration | 5 |  | 
| Lesser Clarity Potion | 3 |  | 
| Potion of Healing | 4 |  | 
| Potion of Mana | 3 |  | 
                15 total
  
                Chat log
          
(18:47 / All) iAmAfrAid: gg